Unix NetHack Version 5.0.0-0 post-release - last build May 10 2026 23:12:36 (d1fa5d53e341ca933230fdaa984d921c805b60aa,branch:main).

Game began 2026-05-13 14:55:41, ended 2026-05-13 15:29:31.

Drastanta, lawful female human Samurai

 ------------      -----
 |...........######|..<|
 |.%........|   ###..%{|
 |.......d..|   # #|...|
 |......@f...      -.---
 ---------|--

Drastanta the Ronin    St:17 Dx:17 Co:18 In:10 Wi:7 Ch:7  Lawful
Dlvl:6  $:91 HP:0(61) Pw:19(19) AC:4  Xp:5 T:1443 

Latest messages:
 A rabid rat suddenly appears next to you!
 The wererat bites!
 You feel feverish.
 You hit the wererat!
 The rabid rat bites!
 The wererat just misses!
 You kill the wererat!
 The rabid rat misses!
 You kill the rabid rat!
 Are you sure you want to pray? [yn] (n) y
 You begin praying to Amaterasu Omikami.
 You finish your prayer.
 You feel that Amaterasu Omikami is displeased.
 You hit the straw golem!
 The straw golem hits!
 The straw golem hits again!
 You hit the straw golem.
 The straw golem hits!
 The straw golem misses!
 You hit the straw golem.
 The straw golem misses!
 The straw golem misses!
 The dog bites!
 You destroy the straw golem!
 The dog bites!
 You hit the dog!
 The dog bites!
 The housecat misses!
 The dog bites!
 You hit the housecat.
 The housecat bites!
 The dog bites!
 You hit the dog.
 The housecat misses!
 The dog bites!
 The dog bites!
 You miss the housecat.
 The housecat bites!
 The dog bites!
 The dog bites!
 Are you sure you want to pray? [yn] (n) y
 You begin praying to Amaterasu Omikami.
 The housecat bites!
 The dog bites!
 You die...
 Do you want your possessions identified? [ynq] (y) y
 Do you want to see your attributes? [ynq] (y) y
 Do you want an account of creatures vanquished? [ynaq] (y) y
 Do you want to see your conduct and achievements? [ynq] (y) y
 Do you want to see the dungeon overview? [ynq] (y) y

Inventory:
 Coins    ('$')
  $ - 91 gold pieces
 Weapons  (')')
  d - 37 +0 ya (in quiver)
  c - a +0 yumi (alternate weapon; not wielded)
  a - a blessed +0 katana (weapon in right hand)
  b - a +0 wakizashi
 Armor    ('[')
  O - an uncursed +0 mummy wrapping
  e - an uncursed rustproof +0 splint mail (being worn)
 Comestibles  ('%')
  P - an uncursed gunyoki
  o - an uncursed partly eaten gunyoki
 Scrolls  ('?')
  L - an uncursed scroll of enchant armor
  f - an uncursed scroll of genocide
  g - 2 uncursed scrolls of identify
  M - an uncursed scroll of light
  K - an uncursed scroll of teleportation
 Potions  ('!')
  n - 2 uncursed potions of sake
  h - an uncursed potion of water
 Rings    ('=')
  N - a cursed ring of shock resistance
 Wands    ('/')
  J - a blessed wand of speed monster (0:6)

Drastanta the Samurai's attributes:

Background:
 You were a Ronin, a level 5 female human Samurai.
 You were lawful, on a mission for Amaterasu Omikami
 who was opposed by Raijin (neutral) and Susanowo (chaotic).
 You were right-handed.
 You were in the Dungeons of Doom, on level 6.
 You entered the dungeon 1443 turns ago.
 You had 191 experience points, 129 more were needed to attain level 6.

Basics:
 You had 0 out of 61 hit points.
 You had all 19 energy points (spell power).
 Your armor class was 4.
 Your wallet contained 91 zorkmids.
 Autopickup was off.

Final Characteristics:
 Your strength was 17 (limit:18/100).
 Your dexterity was 17 (limit:18).
 Your constitution was 18 (limit:18).
 Your intelligence was 10 (limit:18).
 Your wisdom was 7 (limit:18).
 Your charisma was 7 (limit:18).

Final Status:
 You weren't hungry.
 You were unencumbered.
 You were wielding a long sword.
 You had basic skill with long sword.

Final Attributes:
 You were devoutly aligned.
 You were level-drain resistant.
 You were warded.
 You were a wererat.
 You were harmed by silver.
 You were fast.
 You were unlucky.
 Amaterasu Omikami was angry with you.
 You are dead.

Miscellaneous:
 You encountered 1 bones level.
 Total elapsed playing time was 33 minutes and 50 seconds.

Major events:
 Turn
    1: Drastanta the lawful female human Samurai entered the dungeon
  524: entered the Gnomish Mines
  883: attained the rank of Ronin (level 3)
 1443: killed by a dog, while praying

You didn't know any spells.

Skills:
 Fighting Skills
   martial arts      [Basic]
   two weapon combat [Unskilled]
   riding            [Unskilled]
 Weapon Skills
   dagger            [Unskilled]
   knife             [Unskilled]
   short sword       [Basic]
   broadsword        [Unskilled]
   long sword        [Basic]
   two-handed sword  [Unskilled]
   saber             [Unskilled]
   flail             [Unskilled]
   quarterstaff      [Unskilled]
   polearms          [Unskilled]
   spear             [Unskilled]
   lance             [Unskilled]
   bow               [Basic]
   shuriken          [Unskilled]
 Spellcasting Skills
   attack spells     [Unskilled]
   divination spells [Unskilled]
   clerical spells   [Unskilled]

Voluntary challenges:
 Character rerolling was not enabled.
 You followed a strict vegan diet.
 You were illiterate.
 You never genocided any monsters.
 You never polymorphed an object.
 You never changed form.
 You used no wishes.
Achievements:
 You entered the Gnomish Mines.
 You attained the rank of Ronin.

 The Dungeons of Doom: levels 1 to 6
    Level 1:
    Level 2:
    Level 3:
       A fountain.
       Stairs down to The Gnomish Mines.
    Level 4:
       An altar to Amaterasu Omikami, a fountain.
       Final resting place for
          jigsy-Val-Hum-Fem-Law, killed by a giant bat.
    Level 5:
       A fountain.
    Level 6: <- You were here.
       A sink.
       Final resting place for
          you, killed by a dog, while praying.
 The Gnomish Mines:
    Level 4:


Vanquished creatures:
  a ghost
  a gnome mummy
  a rock piercer
  a rock mole
  a straw golem
  a kitten
  a homunculus
  2 rabid rats
  a giant bat
  2 wererats
  a werejackal
 an iguana
  a coyote
  5 giant rats
  a yellow mold
  a gecko
  a jackal
  a kobold
  2 grid bugs
  3 lichens
  a kobold zombie
  3 newts
33 creatures vanquished.

No species were genocided or became extinct.

Game over:
                       ----------
                      /          \
                     /    REST    \
                    /      IN      \
                   /     PEACE      \
                  /                  \
                  |    Drastanta     |
                  |      91 Au       |
                  | killed by a dog  |
                  |                  |
                  |                  |
                  |                  |
                  |       2026       |
                 *|     *  *  *      | *
        _________)/\\_//(\/(/\)/\//\/|_)_______

Sayonara Drastanta the Samurai...

You died in The Dungeons of Doom on dungeon level 6 with 1096 points,
and 91 pieces of gold, after 1443 moves.
You were level 5 with a maximum of 61 hit points when you died.

